 Dungeon Crawl Stone Soup version 0.29.1-12-g30fa7ad0bf (webtiles) character file.

Game seed: 4918627538308394110

1127 EarthwalkerPL the Shield-Bearer (level 8, 0/71 HPs)
             Began as a Minotaur Fighter on Dec 21, 2022.
             Was an Initiate of Okawaru.
             Slain by a troll (1 damage)
             ... on level 5 of the Dungeon.
             The game lasted 00:10:33 (4722 turns).

EarthwalkerPL the Shield-Bearer (Minotaur Fighter)  Turns: 4722, Time: 00:10:34

Health: 0/71       AC: 13    Str: 23    XL:     8   Next: 13%
Magic:  7/7        EV: 11    Int:  5    God:    Okawaru [......]
Gold:   340        SH:  6    Dex: 16    Spells: 7/7 levels left

rFire   . . .      SeeInvis .   a - +0 war axe
rCold   + . .      Faith    .   c - +0 buckler
rNeg    . . .      Spirit   .   x - +2 scale mail {rC+}
rPois   .          Reflect  .   (helmet restricted)
rElec   .          Harm     .   A - +2 cloak
rCorr   .          Rampage  .   (no gloves)
Will    .....                   (no boots)
Stlth   ..........              (no amulet)
HPRegen 0.21/turn               p - +6 ring of dexterity
MPRegen 0.10/turn               (no ring)

@: no status effects
A: horns 2, retaliatory headbutt
a: Renounce Religion


You were on level 5 of the Dungeon.
You worshipped Okawaru.
Okawaru was noncommittal.
You visited 2 branches of the dungeon, and saw 6 of its levels.
You also visited: Sewer.

You collected 340 gold pieces.

Inventory:

Hand Weapons
 a - a +0 war axe (weapon)
Missiles
 g - a throwing net
 k - 7 boomerangs (quivered)
Armour
 c - a +0 buckler (worn)
 w - a +0 chain mail
 x - a +2 scale mail of cold resistance (worn)
 A - a +2 cloak (worn)
Jewellery
 p - a +6 ring of dexterity (left hand)
Wands
 B - a wand of flame (5)
Scrolls
 h - 4 scrolls of identify {unknown}
 i - a scroll of acquirement {unknown}
 l - a scroll of blinking {unknown}
 m - a scroll of enchant weapon {unknown}
 q - a scroll of amnesia {unknown}
 r - 4 scrolls of poison {unknown}
 y - a scroll of noise {unknown}
 z - a scroll of brand weapon {unknown}
 C - a scroll of torment {unknown}
Potions
 b - 2 potions of ambrosia {unknown}
 d - 5 potions of might
 e - 5 potions of haste {unknown}
 f - 2 potions of degeneration {unknown}
 j - 2 potions of brilliance {unknown}
 n - 2 potions of curing {unknown}
 o - 3 potions of invisibility {unknown}
 s - 2 potions of flight {unknown}
 t - a potion of attraction {unknown}
 u - a potion of berserk rage
 v - a potion of lignification {unknown}


   Skills:
 * Level 6.4 Fighting
 * Level 5.9 Axes
 * Level 6.5 Armour
 + Level 3.2 Dodging
 * Level 6.5 Shields


You had 7 spell levels left.
You didn't know any spells.
Your spell library contained the following spells:

 Spells                   Type           Power      Damage    Failure   Level
 Dazzling Flash           Conj/Hex       0%         N/A       99%         3
 Iskenderun's Mystic Bla  Conj/Tloc      0%         2d3       100%        4
 Starburst                Conj/Fire      0%         6d3       100%        6


Dungeon Overview and Level Annotations

Branches:
Dungeon (5/15)             Temple (1/1) D:5           Sewer (visited)

Altars:
Ashenzari
Cheibriados
Gozag
Hepliaklqana
Makhleb
Nemelex Xobeh
Okawaru
Qazlal
Ru
Trog
Uskayaw
Vehumet
Wu Jian
Zin

Shops:
D:4 =


Innate Abilities, Weirdness & Mutations

You have a pair of horns on your head.
You reflexively headbutt those who attack you in melee.


Message History

The troll closely misses you.
You barely miss the troll.
The troll is moderately wounded.
The troll bites you but does no damage. The troll claws you.
The troll closely misses you.
You closely miss the troll. Your headbutt misses the troll.
The troll is moderately wounded.
You block the troll's attack. The troll closely misses you. x2
You slash the troll!
The troll is severely wounded.
You block the troll's attack. The troll claws you.
You block the troll's attack. The troll bites you! The troll claws you.
The troll misses you.
You closely miss the troll.
The troll is heavily wounded.
The troll closely misses you. The troll claws you. The troll misses you.
You closely miss the troll. Your headbutt misses the troll.
The troll is heavily wounded.
The troll bites you! The troll claws you but does no damage.
You block the troll's attack.
You slash the troll!
The troll is almost dead.
The troll bites you!
* * * LOW HITPOINT WARNING * * *
The troll claws you!
* * * LOW HITPOINT WARNING * * *
You block the troll's attack.
You hit the troll.
The troll is almost dead.
The troll bites you but does no damage. You block the troll's attack.
The troll claws you.
* * * LOW HITPOINT WARNING * * *
You block the troll's attack. The troll misses you.
The troll claws you but does no damage.
You hit the troll but do no damage. You headbutt the troll.
The troll is almost dead.
The troll bites you!
* * * LOW HITPOINT WARNING * * *
The troll claws you.
You die...

........[...>#####)##############
........)....)).............).†..
≈~~~~~~~~≈≈~~≈)~))..~~~≈~≈~~≈≈~~~
≈≈~≈≈≈)≈≈≈≈≈≈≈≈≈....~≈≈≈~≈≈≈≈≈≈≈≈
####~~)~~≈~≈≈~~~....~~~~≈~≈≈~~≈~#
...#............................#
^ #############))''#############
## ..#######))).##### # .#
..'...).T@...'..... .#
..#######....###### .# ##''## .#
..... .# ........ .# ...........
.# ............ .# #####''######
##+# '..' #


You could see a troll.

Vanquished Creatures
  An ice beast (D:5)
  Pargi (Sewer)
  A black bear (D:5)
  An ogre (D:5)
  A gnoll sergeant (D:5)
  A gnoll bouda (D:5)
  3 orc priests
  3 hounds
  2 iguanas
  An orc wizard (D:5)
  20 gnolls
  8 adders
  2 worms
  2 dart slugs
  28 orcs
  8 ball pythons
  11 bats
  4 endoplasms
  2 giant cockroaches
  6 goblins
  4 hobgoblins
  19 jackals
  8 kobolds
  4 quokkas
  4 frilled lizards
  A rat (D:1)
146 creatures vanquished.

Vanquished Creatures (others)
  2 fungi
  4 plants (D:5)
6 creatures vanquished.

Grand Total: 152 creatures vanquished

Notes
Turn   | Place    | Note
-------+----------+-------------------------------------------
     0 | D:1      | EarthwalkerPL the Minotaur Fighter began the quest for the
                  | Orb.
     0 | D:1      | Reached XP level 1. HP: 19/19 MP: 0/0
    51 | D:1      | Reached XP level 2. HP: 26/27 MP: 1/1
   821 | D:2      | Reached XP level 3. HP: 33/33 MP: 2/2
  1188 | D:2      | Found a glowing silver altar of Zin.
  1196 | D:2      | Reached skill level 1 in Dodging
  1273 | D:3      | Found an opulent altar of Gozag.
  1428 | D:3      | Reached XP level 4. HP: 23/40 MP: 3/3
  1480 | D:3      | Found a glowing drain.
  1489 | Sewer    | Entered a sewer
  1573 | Sewer    | Noticed Pargi
  1591 | Sewer    | Killed Pargi
  1592 | Sewer    | Reached XP level 5. HP: 21/47 MP: 4/4
  1922 | D:3      | Found a radiant altar of Vehumet.
  1946 | D:3      | Found a faded altar of an unknown god.
  2637 | D:4      | Reached skill level 5 in Armour
  2651 | D:4      | Reached skill level 5 in Shields
  2654 | D:4      | Reached XP level 6. HP: 52/55 MP: 5/5
  2711 | D:4      | Reached skill level 5 in Fighting
  2855 | D:4      | Found a snail-covered altar of Cheibriados.
  3137 | D:4      | Found Tischiten's Jewellery Shop.
  3286 | D:5      | Entered Level 5 of the Dungeon
  3669 | D:5      | Reached XP level 7. HP: 49/61 MP: 6/6
  3686 | D:5      | Reached skill level 5 in Axes
  3807 | D:5      | Found a staircase to the Ecumenical Temple.
  3818 | Temple   | Entered the Ecumenical Temple
  3949 | Temple   | Became a worshipper of Warmaster Okawaru
  3981 | D:5      | Found a bloodstained altar of Trog.
  4408 | D:5      | Reached XP level 8. HP: 47/70 MP: 7/7
  4706 | D:5      | Noticed a troll
  4722 | D:5      | HP: 1/71 [troll (9)]
  4722 | D:5      | Slain by a troll

Illustrated notes

Levels and vault maps discovered:
D:1:      lightli_arrival_windingriver, layout_basic, st_stairs_1
D:2:      layout_rooms, basic_altar, minmay_shallow_snake_nest
D:3:      layout_basic, old_standard_altar, nicolae_overflow_crystal_walls,
          ebering_ecumenical_altar_rust, portal_sewer_entry_d
D:4:      layout_gridville, mainiacjoe_overflow_paths, serial_shops, shop
D:5:      lemuel_castle_with_subvaults [lemuel_castle_interior_original],
          layout_basic, trog_three_pillars_becter, minmay_temple_entry_glass
Temple:   nicolae_temple_figure_zero

Skill      XL: |  1  2  3  4  5  6  7 |
---------------+----------------------+-----
Axes           | 3 4 5 |  5.9
Fighting       | 4 5 6 |  6.4
Shields        | 4 5 6 |  6.5
Armour         | 4 5 6 |  6.5
Dodging        | 1 2 3 |  3.2

Action                   |  1- 3 |  4- 6 |  7- 9 || total
-------------------------+-------+-------+-------++-------
Melee: War axe           |    88 |   150 |   107 ||   345
       Headbutt          |    11 |    26 |    17 ||    54
Throw: Boomerang         |       |     1 |     5 ||     6
Armor: Scale mail        |    41 |    69 |    51 ||   161
       Chain mail        |       |    10 |       ||    10
Dodge: Dodged            |    48 |   103 |    66 ||   217
Block: Buckler           |    26 |    53 |    52 ||   131
